[Event "Team 45 45 League T51"]
[Site "Internet Chess Club"]
[Date "2011.11.27"]
[Round "3"]
[White "Boromir"]
[Black "alexping"]
[Result "1-0"]
[WhiteElo "1931"]
[BlackElo "1897"]
[Opening "Benkö gambit half accepted"]
[ECO "A57"]
[Time "10:04:49"]
[TimeControl "2700+45"]

1. d4 Nf6 2. c4 c5 3. d5 b5 4. cxb5 a6 5. b6 Qxb6 6. Nc3 g6 7. Nf3 d6 8. e4 Bg7
9. Be2 O-O 10. Nd2 a5 11. O-O Ba6 12. Nc4 Bxc4 13. Bxc4 Qb4 14. Qd3 Nbd7 15. a3
Qb8 16. f4 Nb6 17. Ba2 Nfd7 18. Be3 Rc8 19. Qe2 Ra7 20. Rab1 Rb7 21. Kh1 Na8 22.
a4 Rb4 23. Qc2 Nab6 24. Bd2 Nc4 25. Bxc4 Rxc4 26. b3 Rb4 27. Nb5 Rxb5 28. axb5
Qxb5 29. h4 Nf6 30. Rbe1 Rb8 31. Rf3 Ng4 32. h5 gxh5 33. Bc1 Bd4 34. e5 dxe5 35.
fxe5 Qd7 36. e6 fxe6 37. dxe6 Qd5 38. Re2 Bf6 39. Bf4 Rb4 40. Re1 a4 41. bxa4
Rb2 42. Qd1 Nf2+ 43. Rxf2 Qxd1 44. Rxd1 Rxf2 45. Bh6 Bd4 46. Rb1 Rb2 47. Rxb2
Bxb2 48. a5 Bd4 49. a6 c4 50. g3 Ba7 51. Kg2 c3 52. Kf3 c2 53. Ke4 Bb6 54. Kd3
c1=Q 55. Bxc1 Kg7 56. Be3 {Black resigns} 1-0

[Event "Team 45 45 League T51"]
[Site "Internet Chess Club"]
[Date "2011.11.25"]
[Round "3"]
[White "misuc56"]
[Black "BuddyT"]
[Result "0-1"]
[WhiteElo "1761"]
[BlackElo "1848"]
[Opening "Queen's pawn: Keres defense"]
[ECO "A40"]
[Time "15:07:50"]
[TimeControl "2700+45"]

1. d4 e6 2. c4 b6 3. e3 Bb7 4. Nf3 Nf6 5. Nc3 Bb4 6. Bd2 O-O 7. Be2 c5 8. O-O d5
9. cxd5 cxd4 10. exd4 Bxc3 11. Bxc3 Nxd5 12. Rc1 Nd7 13. h3 Rc8 14. a3 N7f6 15.
Nd2 Nf4 16. Re1 Nxg2 17. Bf3 Bxf3 18. Qxf3 Nxe1 19. Rxe1 Qd5 20. Qf4 Qh5 21. Kh2
Nd5 22. Qg3 Qg6 23. Qf3 Qg5 24. Ne4 Qf4+ 25. Qxf4 Nxf4 26. Kg3 Nd5 27. Rc1 Rc6
28. Nd2 Rfc8 29. Nb1 b5 30. Re1 Kf8 31. Kf3 f6 32. h4 Kf7 33. Rg1 a6 34. h5 g5
35. hxg6+ hxg6 36. Ke4 Rc4 37. Kd3 f5 38. Rh1 Kf6 39. Rh7 R4c7 40. Rh1 Ra8 41.
Ba5 Rcc8 42. Bd2 Rh8 43. Rg1 Rh3+ 44. Ke2 Rb3 45. Bc1 Rc8 46. Kd1 Rd3+ 47. Ke2
Rxd4 48. Nd2 e5 49. Rd1 Nf4+ 50. Kf1 Rc2 51. f3 Nd3 52. Nb3 Rh4 53. Kg1 Rh1+ 54.
Kxh1 Nf2+ 55. Kg1 Nxd1 56. Kf1 Nxb2 57. Ke1 Nd3+ 58. Kd1 Rc3 {White resigns} 0-1

[Event "Team 45 45 League T51"]
[Site "Internet Chess Club"]
[Date "2011.11.27"]
[Round "3"]
[White "crimsonviper"]
[Black "MontanaSky"]
[Result "1-0"]
[WhiteElo "1900"]
[BlackElo "1716"]
[Opening "Dutch with c4 & Nc3"]
[ECO "A85"]
[Time "22:00:14"]
[TimeControl "2700+45"]

1. d4 f5 2. c4 Nf6 3. Nc3 e6 4. Bg5 Be7 5. Nf3 d5 6. e3 O-O 7. Bd3 c6 8. O-O b6
9. cxd5 exd5 10. Re1 Ne4 11. Bf4 Nd7 12. Rc1 Bb7 13. h3 g5 14. Bh2 Qe8 15. Ne5
Nxe5 16. Bxe5 Bf6 17. Bh2 Qf7 18. Ne2 Kh8 19. f3 Nd6 20. Bxd6 Rfe8 21. Ng3 f4
22. exf4 Bxd4+ 23. Kh1 gxf4 24. Nf5 Be3 25. Nxe3 fxe3 26. Qb3 c5 27. Bf1 Qd7 28.
Bf4 d4 29. Bb5 Bc6 30. Bxc6 Qxc6 31. Qf7 Qe6 32. Qxe6 Rxe6 33. b3 Rae8 34. Rcd1
b5 35. Kg1 e2 36. Rd2 a5 37. Kf2 c4 38. bxc4 bxc4 39. Rxd4 Rc8 40. Rxe2 Rec6 41.
Rc2 c3 42. Rd3 Kg8 43. Be5 {Black resigns} 1-0

[Event "Team 45 45 League T51"]
[Site "Internet Chess Club"]
[Date "2011.11.26"]
[Round "3"]
[White "rubo"]
[Black "jps7"]
[Result "1-0"]
[WhiteElo "1700"]
[BlackElo "1640"]
[Opening "French: advance, Euwe variation"]
[ECO "C02"]
[Time "13:01:00"]
[TimeControl "2700+45"]

1. e4 e6 2. d4 d5 3. e5 c5 4. c3 Nc6 5. Nf3 Bd7 6. Bd3 Qb6 7. O-O cxd4 8. cxd4
Nxd4 9. Nxd4 Qxd4 10. Nc3 Qb6 11. Qe2 a6 12. Kh1 Ne7 13. f4 d4 14. Ne4 Bc6 15.
Nd6+ Kd7 16. Nxf7 Nd5 17. Nxh8 Ke7 18. Bxh7 Ne3 19. Bxe3 dxe3 20. Rfd1 Ke8 21.
Qh5+ Ke7 22. Qf7# {Black checkmated} 1-0

[Event "Team 45 45 League T51"]
[Site "Internet Chess Club"]
[Date "2011.11.25"]
[Round "3"]
[White "JustinSane"]
[Black "TerryMalloy"]
[Result "0-1"]
[WhiteElo "2114"]
[BlackElo "1969"]
[Opening "QGD Slav defense: exchange variation"]
[ECO "D10"]
[Time "13:04:32"]
[TimeControl "2700+45"]

1. d4 d5 2. c4 c6 3. cxd5 cxd5 4. Nc3 Nf6 5. Bf4 Qb6 6. Qb3 Qxd4 7. e3 Qb6 8.
Bb5+ Bd7 9. Nf3 a6 10. Bxb8 Rxb8 11. Bxd7+ Nxd7 12. Nxd5 Qxb3 13. axb3 e6 14.
Nc3 Bb4 15. Ke2 Ke7 16. Ra4 a5 17. Raa1 Nc5 18. Nd2 Rhd8 19. Rad1 Rd7 20. Nde4
Nxb3 21. Rxd7+ Kxd7 22. Na2 Be7 23. Rd1+ Kc7 24. Rd3 Nc5 25. Nxc5 Bxc5 26. Rc3
Kb6 27. Nc1 a4 28. Nd3 Bd6 29. h4 Ka5 30. g4 b5 31. Rc6 Rb6 32. Rc8 b4 33. e4 a3
34. e5 Bb8 35. b3 Rb5 36. f4 Ba7 37. Rc2 Bd4 38. Kf3 Kb6 39. Ke4 Bc3 40. h5 Ra5
41. Nc1 Rd5 42. Nd3 Rxd3 43. Kxd3 Bb2 44. Rxb2 axb2 45. Kc2 Kc5 46. Kxb2 Kd5
{White resigns} 0-1

[Event "Team 45 45 League T51"]
[Site "Internet Chess Club"]
[Date "2011.11.28"]
[Round "3"]
[White "Topschach"]
[Black "fileman"]
[Result "1-0"]
[WhiteElo "1806"]
[BlackElo "1818"]
[Opening "KP: Nimzovich defense"]
[ECO "B00"]
[Time "13:30:21"]
[TimeControl "2700+45"]

1. e4 Nc6 2. Nc3 d6 3. f4 e6 4. Nf3 Nf6 5. Bb5 Bd7 6. Bxc6 Bxc6 7. d3 Be7 8. O-O
O-O 9. Qe1 d5 10. e5 Nd7 11. Nd4 Bc5 12. Be3 Qe7 13. Nxc6 bxc6 14. Qf2 Bxe3 15.
Qxe3 Qb4 16. Nd1 f6 17. a3 Qb6 18. Qxb6 cxb6 19. d4 fxe5 20. fxe5 Rxf1+ 21. Kxf1
Rf8+ 22. Ke2 c5 23. c3 Rf4 24. g3 Re4+ 25. Kd3 Re1 26. a4 Rh1 27. a5 b5 28. b4
c4+ 29. Ke3 Rxh2 30. a6 Rg2 31. Ra5 Rxg3+ 32. Kf2 Rg4 33. Rxb5 Nb6 34. Kf3 Rg5
35. Ne3 Rg1 36. Rc5 h5 37. Rc7 h4 38. Kf2 Ra1 39. Rxa7 Ra2+ 40. Kf3 h3 41. Nf1
Na4 42. b5 g5 43. Ra8+ Kg7 44. a7 Nxc3 45. b6 Ne4 46. Rh8 Ra3+ 47. Kg4 {Black
resigns} 1-0

[Event "Team 45 45 League T51"]
[Site "Internet Chess Club"]
[Date "2011.11.25"]
[Round "3"]
[White "ice-cream"]
[Black "JeremyWa"]
[Result "0-1"]
[WhiteElo "1719"]
[BlackElo "1686"]
[Opening "Scandinavian (center counter) defense"]
[ECO "B01"]
[Time "16:07:48"]
[TimeControl "2700+45"]

1. e4 d5 2. exd5 Qxd5 3. Nc3 Qa5 4. d4 c6 5. Bc4 Bf5 6. Nf3 Nf6 7. Ne5 e6 8. Bd2
Nbd7 9. Nd5 Qd8 10. Nxf6+ gxf6 11. Nf3 Nb6 12. Bb3 Bd6 13. Qe2 Nd5 14. Nh4 Bg6
15. O-O Qc7 16. g3 f5 17. c4 Nf6 18. Bc2 O-O 19. c5 Be7 20. Bf4 Qd7 21. Nf3 Bh5
22. Be5 Qd5 23. Bd1 Nd7 24. Qe3 Nxe5 25. Nxe5 Bxd1 26. Rfxd1 Bf6 27. Re1 Rfd8
28. Nf3 Bxd4 29. Qg5+ Bg7 30. Qe3 Qd3 31. Qe2 Rd5 32. Rac1 Rad8 33. Kg2 a5 34.
Ng5 h6 35. Nf3 Kh7 36. Rc2 a4 37. Rcc1 Qb5 38. Qxb5 cxb5 39. Re2 Rc8 40. Rec2
Rc6 41. Ng1 Bd4 42. Ne2 Bf6 43. Nf4 Rd7 44. Ne2 e5 45. b4 axb3 46. axb3 Rd3 47.
Rc3 Rd8 48. b4 Kg7 49. Ra3 Rd2 50. Nc3 e4 51. Ra5 e3 52. Kg1 Bxc3 53. Rxc3 e2
54. Re3 Rd1+ 55. Kg2 e1=Q 56. Rxe1 Rxe1 57. Rxb5 Re7 58. Ra5 Kf6 59. Kf3 b6 60.
Ra6 Rec7 61. b5 Re6 62. c6 Ke5 63. Rxb6 Kd5 64. Kf4 Kc5 65. Rb8 Re4+ 66. Kxf5
Rb4 67. Rh8 Rxb5 68. Rxh6 Rxc6 69. Rh7 Kd4+ 70. Kg4 Rg6+ 71. Kh3 Rb7 72. Kh4 Ke4
73. f4 Kf3 74. Kh5 Rg8 75. Kh4 Rb2 76. Kh3 Rbb8 77. Kh4 Rh8 78. Rh5 Rxh5+ 79.
Kxh5 Rg8 80. Kh6 Kg4 81. Kh7 Rg6 82. h4 Kh5 83. f5 Rxg3 84. f6 Kxh4 85. Kh6 Kh3
86. Kh7 Kg2 87. Kh6 Kf3 88. Kh7 Kf4 89. Kh8 Kf5 90. Kh7 Kxf6 91. Kh8 Rg5 92. Kh7
Ke7 93. Kh6 f6 94. Kh7 Kf7 95. Kh6 Rf5 96. Kh7 Rh5# {White checkmated} 0-1

[Event "Team 45 45 League T51"]
[Site "Internet Chess Club"]
[Date "2011.11.27"]
[Round "3"]
[White "bondguy01"]
[Black "JWB"]
[Result "1/2-1/2"]
[WhiteElo "1680"]
[BlackElo "1665"]
[Opening "Sicilian: dragon, Yugoslav attack, Rauser variation"]
[ECO "B76"]
[Time "15:00:13"]
[TimeControl "2700+45"]

1. e4 c5 2. Nf3 d6 3. d4 cxd4 4. Nxd4 Nf6 5. Nc3 g6 6. Be3 Bg7 7. f3 O-O 8. Qd2
Nc6 9. O-O-O d5 10. Qe1 Qa5 11. Nb3 Qc7 12. exd5 Nb4 13. a3 Na6 14. Qg3 Qxg3 15.
hxg3 Nc7 16. Bh6 Rd8 17. Bxg7 Kxg7 18. Bc4 a6 19. Na5 b5 20. Nc6 Rd6 21. Ba2 e6
22. Ne4 Nxe4 23. fxe4 exd5 24. exd5 Bb7 25. Rhe1 Bxc6 26. dxc6 Rxc6 27. Re7 Rf8
28. Rdd7 Ne8 29. Rxf7+ Rxf7 30. Rxf7+ Kh6 31. Re7 Ng7 32. g4 Rc5 33. b4 Rg5 34.
Re4 Ne8 35. Rxe8 Rxg4 36. Re2 Rf4 37. Kd2 g5 38. Ke3 Kh5 39. g3 Rf1 40. Rf2 Ra1
41. c3 Kg4 42. Rg2 Kh3 43. Rc2 Kxg3 44. a4 h6 45. axb5 axb5 46. c4 bxc4 47. b5
Re1+ 48. Kd4 Re8 49. Bxc4 h5 50. Bf7 Rb8 51. Rb2 h4 52. Rb3+ Kf4 53. Be6 g4 54.
Bxg4 Kxg4 {Game drawn by mutual agreement} 1/2-1/2

[Event "Team 45 45 League T51"]
[Site "Internet Chess Club"]
[Date "2011.11.25"]
[Round "3"]
[White "RamRock"]
[Black "Cadaz"]
[Result "0-1"]
[WhiteElo "1759"]
[BlackElo "1637"]
[Opening "French: exchange variation"]
[ECO "C01"]
[Time "12:01:35"]
[TimeControl "2700+45"]

1. e4 e6 2. d4 d5 3. exd5 exd5 4. Bd3 Nc6 5. c3 Bd6 6. Nf3 Nge7 7. O-O O-O 8.
Re1 Bf5 9. Bg5 f6 10. Bh4 Bxd3 11. Qxd3 Qd7 12. Nbd2 Nf5 13. Re2 a6 14. Rae1
Nce7 15. Re6 Rae8 16. Nf1 c6 17. Ng3 Nxg3 18. Bxg3 Bxg3 19. hxg3 Ng6 20. Qe3
Rxe6 21. Qxe6+ Qxe6 22. Rxe6 Kf7 23. Re2 Re8 24. Kf1 Rxe2 25. Kxe2 Ke6 26. Ke3
Kf5 27. Ne1 Nf8 28. Nd3 Ne6 29. a4 h5 30. b3 Kg4 31. Nc5 Nxc5 32. dxc5 g5 33. b4
f5 34. Kd4 f4 35. gxf4 Kxf4 36. c4 dxc4 37. Kxc4 Ke4 38. b5 axb5+ 39. axb5 g4
40. bxc6 bxc6 41. g3 Kf3 42. Kd4 Kxf2 43. Ke5 Kxg3 44. Kd6 h4 {White resigns}
0-1

[Event "Team 45 45 League T51"]
[Site "Internet Chess Club"]
[Date "2011.11.26"]
[Round "3"]
[White "DaveF"]
[Black "noblitz-oblige"]
[Result "1-0"]
[WhiteElo "1542"]
[BlackElo "1594"]
[Opening "Kevitz-Trajkovich defense"]
[ECO "A50"]
[Time "10:03:09"]
[TimeControl "2700+45"]

1. d4 Nf6 2. c4 Nc6 3. Nc3 e5 4. d5 Ne7 5. e4 Ng6 6. Bd3 Bc5 7. Na4 d6 8. Nxc5
dxc5 9. Ne2 Ng4 10. g3 Qf6 11. O-O Nh4 12. f4 Qh6 13. h3 Nf3+ 14. Kg2 Ngh2 15.
f5 Qh5 16. g4 Nxg4 17. Rxf3 {Black resigns} 1-0

[Event "Team 45 45 League T51"]
[Site "Internet Chess Club"]
[Date "2011.11.26"]
[Round "3"]
[White "THE-MATRIX"]
[Black "puapaupau"]
[Result "1-0"]
[WhiteElo "1640"]
[BlackElo "1673"]
[Opening "Sicilian: Steinitz variation"]
[ECO "B20"]
[Time "10:01:24"]
[TimeControl "2700+45"]

1. e4 c5 2. g3 Nc6 3. Bg2 g6 4. Ne2 Bg7 5. c3 e5 6. d3 d6 7. Be3 Nge7 8. O-O O-O
9. f4 Bg4 10. h3 exf4 11. Rxf4 Bd7 12. Rf1 Qc7 13. d4 cxd4 14. cxd4 Qa5 15. Nbc3
b5 16. e5 dxe5 17. d5 Nd4 18. Nxd4 exd4 19. Bxd4 Nf5 20. Bxg7 Kxg7 21. g4 Qb6+
22. Rf2 Ne3 23. Qf3 Nxg2 24. Kxg2 Rae8 25. Raf1 b4 26. Ne4 Bb5 27. Qf6+ Qxf6 28.
Nxf6 Bxf1+ 29. Kxf1 Rd8 30. g5 Rd6 31. h4 Rc8 32. Rd2 Rc4 33. Ne8+ {Black
resigns} 1-0

[Event "Team 45 45 League T51"]
[Site "Internet Chess Club"]
[Date "2011.11.28"]
[Round "3"]
[White "lechuguita"]
[Black "nanning"]
[Result "1-0"]
[WhiteElo "1537"]
[BlackElo "1492"]
[Opening "Caro-Kann: Tartakower (Nimzovich) variation"]
[ECO "B15"]
[Time "08:00:23"]
[TimeControl "2700+45"]

1. e4 c6 2. d4 d5 3. Nc3 dxe4 4. Nxe4 Nf6 5. Nxf6+ exf6 6. c3 Bd6 7. Bd3 O-O 8.
Ne2 Qc7 9. Qc2 g6 10. h4 Be6 11. h5 Bd5 12. hxg6 fxg6 13. Bh6 Rf7 14. Bxg6 hxg6
15. Qxg6+ Rg7 16. Bxg7 Qxg7 17. Qe8+ Qf8 18. Qh5 Qg7 19. Rh4 Kf8 20. Rg4 Qf7 21.
Qh8+ {Black resigns} 1-0

[Event "Team 45 45 League T51"]
[Site "Internet Chess Club"]
[Date "2011.11.25"]
[Round "3"]
[White "HumanTornado"]
[Black "eurander"]
[Result "0-1"]
[WhiteElo "1937"]
[BlackElo "2182"]
[Opening "Réti opening"]
[ECO "A11"]
[Time "10:12:12"]
[TimeControl "2700+45"]

1. Nf3 d5 2. c4 c6 3. g3 Nf6 4. Bg2 Bf5 5. Qb3 Qb6 6. Nc3 e6 7. O-O Be7 8. d3
Nbd7 9. Bf4 O-O 10. Nh4 Bg6 11. Nxg6 hxg6 12. Qxb6 Nxb6 13. cxd5 exd5 14. Rac1
Rfe8 15. Bf3 Rad8 16. Bc7 Rd7 17. Bxb6 axb6 18. Na4 b5 19. Nc5 Bxc5 20. Rxc5 Ra8
21. a3 Re7 22. e3 Nd7 23. Rc2 Ne5 24. Be2 g5 25. h3 g6 26. Rd1 Kg7 27. Kg2 f5
28. d4 Nc4 29. Rh1 Kf6 30. h4 g4 31. h5 Rh7 32. hxg6 Rxh1 33. Kxh1 Kxg6 34. Bxc4
dxc4 35. Kg2 Kf6 36. Kf1 Ke6 37. Kg2 Kd5 38. f3 b6 39. Rc1 Rh8 40. Rg1 c5 41.
Rd1 gxf3+ 42. Kxf3 Rh2 43. dxc5+ Kxc5 44. Rb1 b4 45. axb4+ Kxb4 46. e4 fxe4+ 47.
Kxe4 Kb3 48. g4 Kc2 49. Rg1 Kxb2 50. g5 c3 51. g6 c2 52. g7 Re2+ 53. Kd4 Re8
{White resigns} 0-1

[Event "Team 45 45 League T51"]
[Site "Internet Chess Club"]
[Date "2011.11.26"]
[Round "3"]
[White "Folgers"]
[Black "CamLeslie"]
[Result "1-0"]
[WhiteElo "2190"]
[BlackElo "1846"]
[Opening "Trompowsky attack (Ruth, Opocenský opening)"]
[ECO "A45"]
[Time "16:01:04"]
[TimeControl "2700+45"]

1. d4 Nf6 2. Bg5 c5 3. d5 Ne4 4. Bf4 Qb6 5. Bc1 e6 6. f3 Nf6 7. e4 c4 8. Nc3 Bc5
9. Nh3 exd5 10. e5 d6 11. exf6 O-O 12. Nxd5 Re8+ 13. Be2 Qd8 14. Bg5 Bxh3 15.
Ne7+ Kf8 16. fxg7+ Kxg7 17. Nf5+ Bxf5 18. Bxd8 Nc6 19. Kf1 Nd4 20. Bxc4 Nxc2 21.
Bg5 Be3 22. Bd3 {Black resigns} 1-0

[Event "Team 45 45 League T51"]
[Site "Internet Chess Club"]
[Date "2011.11.26"]
[Round "3"]
[White "BuddyT"]
[Black "VietLion"]
[Result "0-1"]
[WhiteElo "1836"]
[BlackElo "1944"]
[Opening "Old Benoni defense"]
[ECO "A46"]
[Time "09:47:45"]
[TimeControl "2700+45"]

1. d4 Nf6 2. Nf3 c5 3. d5 b5 4. Bg5 Qb6 5. Nc3 b4 6. Na4 Qa5 7. Bxf6 gxf6 8. b3
d6 9. e4 Nd7 10. Bd3 Rg8 11. Qe2 Ne5 12. Nxe5 fxe5 13. Bb5+ Bd7 14. Bxd7+ Kxd7
15. Qf3 Ke8 16. Nb2 Qc7 17. Nc4 Qd7 18. Rd1 Qg4 19. Kf1 Qxf3 20. gxf3 Bh6 21.
Ke2 Bf4 22. Rhg1 Kd7 23. Rg4 h5 24. Rxg8 Rxg8 25. Rh1 Rg2 26. Kf1 Rxh2 27. Rxh2
Bxh2 28. Kg2 Bf4 29. Na5 e6 30. Kh3 Bg5 31. Nc4 exd5 32. exd5 Ke7 33. Na5 a6 34.
Nc6+ Kd7 35. Na5 f5 36. Nc4 e4 37. f4 Bxf4 38. Kh4 Ke7 39. Kxh5 Kf6 40. Kh4 Be5
41. Kh3 f4 42. Kg4 f3 43. a4 bxa3 44. Nxa3 Bd4 45. Kf4 e3 46. Kxf3 exf2 47. Ke2
Ke5 48. c4 Kf4 49. Nc2 Ke4 50. Na3 Kf4 51. Nc2 Kg3 52. Kf1 a5 53. Na3 Kf3 54.
Nb5 Be5 55. Na7 Ke3 56. Nc6 Bc3 57. Nd8 Be5 58. Nb7 Bg3 59. Nxa5 Kd3 60. Nc6 Kc3
61. Ne7 Kxb3 62. Nf5 Be5 63. Ne3 Bd4 64. Nf5 Kxc4 65. Nxd6+ Kxd5 66. Nf5 Ke4 67.
Ng3+ Kd3 68. Ne2 c4 69. Nf4+ Kd2 70. Ne6 Be3 71. Nc7 c3 72. Nd5 c2 73. Nxe3
c1=Q+ 74. Kxf2 Qc5 {White resigns} 0-1

[Event "Team 45 45 League T51"]
[Site "Internet Chess Club"]
[Date "2011.11.29"]
[Round "3"]
[White "subterfuge"]
[Black "badmove"]
[Result "0-1"]
[WhiteElo "1719"]
[BlackElo "1725"]
[Opening "Nimzo-Indian: classical, Noa variation"]
[ECO "E34"]
[Time "15:00:44"]
[TimeControl "2700+45"]

1. d4 Nf6 2. c4 e6 3. Nc3 Bb4 4. Qc2 d5 5. e3 O-O 6. Nf3 b6 7. a3 Bd6 8. cxd5
exd5 9. b4 a6 10. Bd3 Bb7 11. Bb2 Nbd7 12. O-O Re8 13. Rac1 Rc8 14. Qb3 Qe7 15.
b5 a5 16. Ne2 Ne4 17. Bxe4 dxe4 18. Ne5 Nxe5 19. dxe5 Bxe5 20. Bd4 Qe6 21. Qb2
Bxd4 22. Nxd4 Qe5 23. Qe2 Qg5 24. Nc6 Bxc6 25. Rxc6 Qe5 26. Rfc1 Re6 27. h3 Rxc6
28. Rxc6 Qa1+ 29. Kh2 Qxa3 30. Qg4 Rd8 31. Qxe4 g6 32. Qh4 Qf8 33. Qf4 Qe7 34.
Qc4 Qe5+ 35. g3 Rd2 36. Kg2 Qxe3 37. Rf6 Qe7 38. Rf3 Qd7 39. h4 Rd4 40. Rxf7
Qd5+ 41. Qxd5 Rxd5 42. Rxc7 Rxb5 43. Kf3 a4 44. Ke4 a3 45. Rc1 Rb2 46. Ra1 a2
47. f3 Kf7 48. Kd4 Ke6 49. g4 b5 50. Kc3 Rf2 51. Kb4 Ke5 52. Kxb5 Kf4 53. h5
Kxf3 54. hxg6 hxg6 55. g5 Kf4 56. Kc4 Kxg5 57. Rg1+ Kf5 58. Kc3 g5 59. Kd3 Kf4
60. Re1 g4 61. Re4+ Kg3 62. Ra4 Kh2 63. Ke3 g3 64. Rh4+ Kg2 65. Ra4 Kf1 66. Rh4
g2 {White resigns} 0-1

[Event "Team 45 45 League T51"]
[Site "Internet Chess Club"]
[Date "2011.11.25"]
[Round "3"]
[White "perikitosax"]
[Black "Greedy-Reedy"]
[Result "0-1"]
[WhiteElo "2009"]
[BlackElo "2054"]
[Opening "Benkö gambit accepted"]
[ECO "A58"]
[Time "15:08:20"]
[TimeControl "2700+45"]

1. d4 Nf6 2. c4 c5 3. d5 b5 4. cxb5 a6 5. bxa6 g6 6. Nc3 Bxa6 7. g3 d6 8. Bg2
Bg7 9. Nf3 Nbd7 10. Rb1 Nb6 11. b3 Ra7 12. O-O Qa8 13. Nh4 O-O 14. a4 Rb8 15.
Re1 Nbd7 16. Bd2 Rab7 17. Qc2 Qa7 18. h3 Ne8 19. Na2 Nc7 20. Bc3 Bxc3 21. Qxc3
Nb6 22. e4 Nxa4 23. Qe3 Bc4 24. Nc1 Qa5 25. Nf3 Nc3 26. Rb2 Bxb3 27. Nxb3 Rxb3
28. Rxb3 Rxb3 29. Qg5 f6 30. Qg4 Kf7 31. h4 h5 32. Qd7 N3b5 33. Re2 Nd4 34. Nxd4
cxd4 35. Bh3 Rb8 36. Rc2 Qe1+ 37. Kh2 Ne8 38. Qe6+ Kf8 39. Rc8 Rxc8 40. Qxc8
Qxf2+ 41. Kh1 Qf3+ 42. Kh2 Qe2+ 43. Kh1 Qxe4+ 44. Kh2 f5 {White resigns} 0-1

[Event "Team 45 45 League T51"]
[Site "Internet Chess Club"]
[Date "2011.12.04"]
[Round "3"]
[White "achessman"]
[Black "bogolijubov"]
[Result "1-0"]
[WhiteElo "1976"]
[BlackElo "1798"]
[Opening "Caro-Kann: Panov-Botvinnik, Gunderam attack"]
[ECO "B13"]
[Time "16:19:54"]
[TimeControl "2700+45"]

1. e4 c6 2. d4 d5 3. exd5 cxd5 4. c4 Nf6 5. c5 e6 6. Nf3 Be7 7. b4 b6 8. Bb5+
Bd7 9. Bxd7+ Qxd7 10. O-O O-O 11. Ne5 Qe8 12. Bb2 Nc6 13. b5 Nxe5 14. dxe5 Ne4
15. c6 Nc5 16. Nd2 f5 17. Nb3 Rc8 18. Bd4 Nxb3 19. axb3 Rc7 20. Ra6 Qg6 21. Qa1
Ra8 22. Bxb6 {Black resigns} 1-0

[Event "Team 45 45 League T51"]
[Site "Internet Chess Club"]
[Date "2011.11.25"]
[Round "3"]
[White "zap2"]
[Black "CapitanTrueno"]
[Result "1/2-1/2"]
[WhiteElo "1858"]
[BlackElo "1772"]
[Opening "Réti: King's Indian attack"]
[ECO "A05"]
[Time "04:12:47"]
[TimeControl "2700+45"]

1. Nf3 Nf6 2. g3 g6 3. Bg2 Bg7 4. O-O O-O 5. d3 d5 6. Nbd2 c5 7. e4 Nc6 8. c3
dxe4 9. dxe4 e5 10. Qe2 b6 11. Rd1 Qc7 12. Nc4 Ba6 13. Nfd2 Rad8 14. f3 Na5 15.
b3 Nxc4 16. Nxc4 Bxc4 17. bxc4 Rxd1+ 18. Qxd1 Rd8 19. Qe2 Qd7 20. Bf1 Qa4 21.
Bg5 h6 22. Be3 Nh7 {Game drawn by mutual agreement} 1/2-1/2

[Event "Team 45 45 League T51"]
[Site "Internet Chess Club"]
[Date "2011.11.28"]
[Round "3"]
[White "RdgMx"]
[Black "bobhill"]
[Result "1/2-1/2"]
[WhiteElo "1872"]
[BlackElo "2003"]
[Opening "Queen's bishop game"]
[ECO "D02"]
[Time "18:32:57"]
[TimeControl "2700+45"]

1. d4 d5 2. Nf3 Nf6 3. Bf4 e6 4. h3 Be7 5. e3 O-O 6. Nbd2 b6 7. Bd3 c5 8. c3 Nc6
9. Rc1 h6 10. O-O Bb7 11. Bb1 cxd4 12. exd4 Nh7 13. Qc2 f5 14. Rfe1 Bd6 15. Bxd6
Qxd6 16. Ne5 Nxe5 17. Rxe5 Nf6 18. Rce1 Rae8 19. a3 Nd7 20. R5e3 Rf6 21. Nf3 Qf4
22. Qa4 Re7 23. Qxa7 Qc7 24. Qa4 Bc6 25. Qc2 g6 26. Ne5 Nf8 27. f4 Bb5 28. a4
Ba6 29. b4 g5 30. Rg3 Rg7 31. b5 Bc8 32. Qd2 gxf4 33. Qxf4 Nd7 34. Rxg7+ Kxg7
35. Qg3+ Kh7 36. Kh2 Nf8 37. Re3 Qe7 38. Qh4 Kh8 39. Nc6 Qf7 40. Ne5 Qe7 41.
Bxf5 exf5 42. Ng6+ Nxg6 43. Qxh6+ Qh7 44. Re8+ Rf8 45. Rxf8+ Nxf8 46. Qxf8+ Qg8
47. Qh6+ Qh7 48. Qxb6 Qe7 49. a5 Kg7 50. Qc5 Qd7 51. Kg3 f4+ 52. Kxf4 Qf5+ 53.
Kg3 Qg5+ 54. Kh2 Qf4+ 55. Kg1 Qe3+ 56. Kh1 Qc1+ 57. Kh2 Qf4+ 58. Kg1 Qe3+ 59.
Kf1 Qf4+ 60. Kg1 Qe3+ {Game drawn by repetition} 1/2-1/2

[Event "Team 45 45 League T51"]
[Site "Internet Chess Club"]
[Date "2011.11.26"]
[Round "3"]
[White "Beetlejuice"]
[Black "primerpaso"]
[Result "1/2-1/2"]
[WhiteElo "1818"]
[BlackElo "1863"]
[Opening "Catalan opening"]
[ECO "E00"]
[Time "13:01:58"]
[TimeControl "2700+45"]

1. d4 Nf6 2. c4 e6 3. g3 d5 4. Nf3 c6 5. Bg2 Bd6 6. Qc2 O-O 7. O-O Nbd7 8. Nbd2
Qc7 9. e4 Nxe4 10. Nxe4 dxe4 11. Qxe4 Nf6 12. Qe2 h6 13. Ne5 c5 14. Nf3 cxd4 15.
Nxd4 a6 16. Be3 e5 17. Nc2 Bg4 18. Qd3 Be6 19. b3 Rfd8 20. h3 Rac8 21. a4 b6 22.
Qe2 Bf5 23. Rfc1 Bc5 24. Bxc5 bxc5 25. Ne3 Bd3 26. Qb2 Rd4 27. Rd1 Qd7 28. Kh2
e4 29. Rac1 Rd8 30. Qa2 g6 31. Qb2 Qe6 32. Qa2 h5 33. Qb2 Qe5 34. Kg1 Qg5 35. h4
Qe5 36. Kh2 Kg7 37. Bf1 Qd6 38. Bh3 Kf8 {Game drawn by mutual agreement} 1/2-1/2

[Event "Team 45 45 League T51"]
[Site "Internet Chess Club"]
[Date "2011.11.28"]
[Round "3"]
[White "Kueh"]
[Black "bgolev"]
[Result "1-0"]
[WhiteElo "1976"]
[BlackElo "1827"]
[Opening "Scotch game"]
[ECO "C45"]
[Time "18:01:34"]
[TimeControl "2700+45"]

1. e4 e5 2. Nf3 Nc6 3. d4 exd4 4. Nxd4 Bc5 5. Nxc6 bxc6 6. Bc4 Qf6 7. O-O Ne7 8.
Be3 Bb6 9. Nc3 O-O 10. Qd2 h6 11. Rae1 d6 12. f4 Ng6 13. Kh1 Bb7 14. e5 Bxe3 15.
Rxe3 dxe5 16. fxe5 Rad8 17. Rxf6 Rxd2 18. Rxg6 Kh7 19. Rg4 f5 20. exf6 Rxf6 21.
Re7 Rg6 22. Bd3 Rxd3 23. Rxg6 {Black resigns} 1-0

[Event "Team 45 45 League T51"]
[Site "Internet Chess Club"]
[Date "2011.11.28"]
[Round "3"]
[White "AugustoCaruso"]
[Black "zeigmata"]
[Result "0-1"]
[WhiteElo "2163"]
[BlackElo "2237"]
[Opening "Sicilian: Najdorf, 7...Be7 main line"]
[ECO "B99"]
[Time "15:04:21"]
[TimeControl "2700+45"]

1. e4 c5 2. Nf3 d6 3. d4 cxd4 4. Nxd4 Nf6 5. Nc3 a6 6. Bg5 e6 7. f4 Nbd7 8. Qf3
Qc7 9. O-O-O Be7 10. g4 O-O 11. Bh4 b5 12. g5 Ne8 13. Bh3 b4 14. Nxe6 fxe6 15.
Bxe6+ Kh8 16. Nd5 Qd8 17. Qh5 g6 18. Qh6 Nc5 19. f5 Nxe6 20. f6 Rf7 21. fxe7
Rxe7 22. Rhf1 Rg7 23. Rd3 Bb7 24. Rdf3 N8c7 25. Rf7 Bxd5 26. exd5 Nxd5 27. Rxg7
Nxg7 28. Rf3 Ne3 29. Be1 Nef5 30. Qh3 Qxg5+ 31. Bd2 Qg1+ 32. Rf1 Qc5 33. Kb1 Re8
34. Qb3 a5 35. Qf7 Qe5 36. Bg5 h6 37. Bc1 Qe6 38. Qa7 Qe2 39. Rg1 Rc8 40. c3
bxc3 41. Qxa5 Qd3+ 42. Ka1 Nd4 43. bxc3 Nc2+ 44. Kb1 Rb8+ 45. Bb2 Na3+ {White
resigns} 0-1

[Event "Team 45 45 League T51"]
[Site "Internet Chess Club"]
[Date "2011.11.28"]
[Round "3"]
[White "NFork"]
[Black "QueensCounselor"]
[Result "1-0"]
[WhiteElo "2268"]
[BlackElo "2151"]
[Opening "QGD Slav defense"]
[ECO "D10"]
[Time "15:22:09"]
[TimeControl "2700+45"]

1. d4 d5 2. c4 c6 3. e3 Nf6 4. Nc3 Bf5 5. Bd3 Bxd3 6. Qxd3 e6 7. Bd2 Nbd7 8. Nf3
Bb4 9. O-O O-O 10. Nxd5 Bxd2 11. Nxf6+ Nxf6 12. Qxd2 Qe7 13. Rfd1 Rfd8 14. Qc2
Rac8 15. b3 c5 16. dxc5 Qxc5 17. Rxd8+ Rxd8 18. Rd1 Rxd1+ 19. Qxd1 Qc7 20. Qd4
a6 21. g3 h6 22. b4 Nd7 23. c5 a5 24. a3 axb4 25. axb4 Kf8 26. e4 Qc6 27. Ne5
Nxe5 28. Qxe5 Qd7 29. Kg2 f6 30. Qc3 Qc6 31. Qc4 Ke7 32. b5 Qc7 33. Qd4 Kf7 34.
h4 Ke7 35. Kf3 Kf7 36. Ke3 Ke7 37. Ke2 Kf7 38. c6 b6 39. Qa1 {Black resigns} 1-0